 Dungeon Crawl Stone Soup version 0.31.0-9-g3a7656b989 (webtiles) character file.

Game seed: 12166549502473724927

115 qw the Skirmisher (level 4, -5/25 HPs)
             Began as a Deep Elf Hunter on Feb 2, 2024.
             Slain by an iguana (11 damage)
             ... on level 4 of the Dungeon.
             The game lasted 00:00:06 (2113 turns).

qw the Skirmisher (Deep Elf Hunter)                 Turns: 2113, Time: 00:00:07

Health: -5/25      AC:  6    Str: 10    XL:     4   Next: 68%
Magic:  6/6        EV: 11    Int: 14    God:
Gold:   11         SH:  0    Dex: 18    Spells: 3/3 levels left

rFire   . . .        a - +0 shortbow
rCold   . . .        (shield currently unavailable)
rNeg    . . .        d - +1 ring mail
rPois   .            (no helmet)
rElec   .            (no cloak)
rCorr   .            (no gloves)
SInv    .            (no boots)
Will    .....        (no amulet)
Stlth   +            (no ring)
HPRegen 0.24/turn    (no ring)
MPRegen 0.10/turn

%: no passive effects
@: about to teleport
A: no striking features
a: no special abilities


You were on level 4 of the Dungeon.
You visited 1 branch of the dungeon, and saw 4 of its levels.

You collected 173 gold pieces.
You spent 162 gold pieces at shops.


   Skills:
 - Level 1.5 Fighting
 + Level 8.1 Ranged Weapons
 - Level 2.4 Dodging
 - Level 1.2 Stealth


You had 3 spell levels left.
You didn't know any spells.
Your spell library was empty.

Inventory:

Hand Weapons
 a - a +0 shortbow (weapon)
Armour
 d - a +1 ring mail (worn)
 e - a +2 robe
 i - a +0 pair of boots
Jewellery
 k - a +4 ring of protection
Wands
 c - a wand of quicksilver (11)
Scrolls
 l - a scroll of identify
Potions
 b - a potion of brilliance {unknown}
 f - a potion of enlightenment
 g - a potion of might
 h - 2 potions of curing {unknown}

Dungeon Overview and Level Annotations

Branches:
Dungeon (4/15)
 Temple: D:4-7

Altars:

Shops:
D:1 :   D:3 :   D:4 ?*[[=


Message History

The endoplasm quivers.
The arrow hits the endoplasm.
The endoplasm is heavily wounded.
You shoot an arrow. The arrow hits the endoplasm.
The endoplasm is severely wounded.
You shoot an arrow. The arrow hits the endoplasm.
The endoplasm is almost dead.
You shoot an arrow. The arrow hits the endoplasm.
You kill the endoplasm!
Found an escape hatch in the floor.
Found an escape hatch in the ceiling.
There is an entrance to Pebe Coj's Magic Scroll Shoppe here.
2081 ||| SHOPLISTING scroll of enchant armour (75 gold, have 31).
You can access your shopping list by pressing '$'.
2081 ||| BUYING scroll of identify (20 gold).
l - a scroll of identify Thank you for shopping at Pebe Coj's Magic Scroll Shoppe!
You can access your shopping list by pressing '$'.
2081 ||| SHOPLISTING scroll of teleportation (30 gold, have 11).
You can access your shopping list by pressing '$'.
An iguana comes into view.
You shoot an arrow. The arrow closely misses the iguana.
The iguana closely misses you.
You shoot an arrow. The arrow hits the iguana!
The iguana is heavily wounded.
The iguana bites you but does no damage.
You shoot an arrow. The arrow closely misses the iguana.
The iguana misses you.
You shoot an arrow. The arrow closely misses the iguana.
The iguana closely misses you.
You shoot an arrow. The arrow closely misses the iguana.
The iguana bites you!
You shoot an arrow. The arrow hits the iguana.
The iguana is heavily wounded.
The iguana bites you!
2113 ||| READING scroll of teleportation.
As you read the scroll of teleportation, it crumbles to dust.
You feel strangely unstable. The iguana bites you!
You die...

#..............>.......#
#...............##.#)###
#...............#....# #
#.#...#########.#..##########
#.#.#...#######..............
#.#...............#.########.
#.#......................\.#.
#.###...#############.##...(.
#...........@.# #..#.....
#####...#####l# ##.......
#...# .# ###..... ##### .#
#..... .# #..... .# #..... .#
###+#. .. #. #.


You could see an iguana.

Vanquished Creatures
  An iguana (D:4)
  Terence (D:3)
  3 adders
  2 dart slugs
  An orc (D:3)
  An endoplasm (D:4)
  3 giant cockroaches
  4 hobgoblins
  A quokka (D:3)
  5 ball pythons
  2 bats (D:2)
  4 frilled lizards
  A goblin (D:1)
  6 kobolds
  2 rats
37 creatures vanquished.

Notes
Turn   | Place    | Note
-------+----------+-------------------------------------------
     0 | D:1      | qw the Deep Elf Hunter began the quest for the Orb.
     0 | D:1      | Reached XP level 1. HP: 12/12 MP: 3/3
     0 | D:1      | 0 ||| qw: Version: 0.3-a-155-g5e7d8dd
     0 | D:1      | 0 ||| qw: Game counter: 193
     0 | D:1      | 0 ||| qw: Melee chars always use a shield: true
     0 | D:1      | 0 ||| qw: God list: Okawaru
     0 | D:1      | 0 ||| qw: Allow faded altars: false
     0 | D:1      | 0 ||| qw: Do Orc after clearing Dungeon:15 true
     0 | D:1      | 0 ||| qw: Do second Lair branch before Depths: true
     0 | D:1      | 0 ||| qw: Lair rune preference: random
     0 | D:1      | 0 ||| qw: Goals: Normal
     0 | D:1      | 0 ||| PLANNING D:1-11
   335 | D:1      | Found a faded altar of an unknown god.
   396 | D:1      | Reached XP level 2. HP: 16/16 MP: 4/4
   404 | D:1      | Found Yhash's Book Boutique.
   404 | D:1      | Noticed a walking frostbound tome
   407 | D:1      | Noticed a walking earthen tome
   430 | D:1      | 430 ||| UPGRADING to +0 ring mail.
   440 | D:1      | 440 ||| DROPPING +0 leather armour.
   441 | D:1      | 441 ||| READING scroll labelled PAUPED KIJELO.
   542 | D:1      | 542 ||| DROPPING scroll of butterflies.
   551 | D:2      | Reached skill level 6 in Ranged Weapons
  1127 | D:2      | Reached XP level 3. HP: 20/20 MP: 5/5
  1135 | D:2      | 1135 ||| READING scroll labelled GIPPAI MEPHOEH.
  1136 | D:2      | 1136 ||| READING scroll labelled ZIHEWAXUGI.
  1141 | D:2      | 1141 ||| READING 2 scrolls labelled XITOAPT ONKIS.
  1141 | D:2      | 1141 ||| IDENTIFYING white potion
  1142 | D:2      | 1142 ||| READING scroll of identify.
  1142 | D:2      | 1142 ||| IDENTIFYING amethyst potion
  1143 | D:2      | 1143 ||| READING scroll labelled MOGYRCHODGHE.
  1144 | D:2      | 1144 ||| READING 3 scrolls labelled WANNAAR HUAG.
  1145 | D:2      | 1145 ||| DROPPING potion of attraction.
  1146 | D:2      | 1146 ||| DROPPING 2 scrolls of revelation.
  1246 | D:3      | Noticed Terence
  1255 | D:3      | HP: 5/20 [Terence/+0 short sword (2)]
  1256 | D:3      | Killed Terence
  1257 | D:3      | Reached skill level 7 in Ranged Weapons
  1358 | D:3      | Reached XP level 4. HP: 12/25 MP: 6/6
  1451 | D:3      | Found Boaqul's Vocational Training.
  1830 | D:3      | 1830 ||| READING scroll of identify.
  1830 | D:3      | 1830 ||| IDENTIFYING lumpy green potion
  1831 | D:3      | 1831 ||| READING scroll labelled RIRPHA UWOE.
  1831 | D:3      | 1831 ||| ENCHANTING +0 ring mail.
  1832 | D:3      | 1832 ||| READING scroll labelled ECOAFO HOFOUTIN.
  1850 | D:4      | Found Koephoarch's Jewellery Shop.
  1856 | D:4      | 1856 ||| SHOPLISTING +5 ring of evasion (360 gold, have
                  | 152).
  1856 | D:4      | 1856 ||| SHOPLISTING ring of protection from fire (250
                  | gold, have 152).
  1856 | D:4      | 1856 ||| SHOPLISTING ring of willpower (250 gold, have
                  | 152).
  1903 | D:4      | Reached skill level 8 in Ranged Weapons
  1945 | D:4      | Found Kiuhedon's Antique Armour Shop.
  1952 | D:4      | 1952 ||| SHOPLISTING heavily runed scale mail (216 gold,
                  | have 165).
  1952 | D:4      | 1952 ||| BUYING runed robe (88 gold).
  1952 | D:4      | Bought a runed robe for 88 gold pieces
  1994 | D:4      | Found Nyskill's Armour Shoppe.
  1997 | D:4      | 1997 ||| BUYING +0 pair of boots (54 gold).
  1997 | D:4      | Bought a +0 pair of boots for 54 gold pieces
  1997 | D:4      | 1997 ||| SHOPLISTING +0 scale mail of fire resistance (132
                  | gold, have 23).
  1997 | D:4      | 1997 ||| SHOPLISTING +1 cloak (138 gold, have 23).
  1997 | D:4      | 1997 ||| SHOPLISTING +3 hat of Pondering {ponderous, Will+
                  | MP+10 Int+5} (457 gold, have 23).
  2012 | D:4      | Found Heanyuc's Assorted Antiques.
  2021 | D:4      | 2021 ||| SHOPLISTING 3 purple potions (86 gold, have 25).
  2021 | D:4      | 2021 ||| SHOPLISTING glowing leather armour (160 gold, have
                  | 25).
  2021 | D:4      | 2021 ||| SHOPLISTING glowing orcbow (208 gold, have 25).
  2021 | D:4      | 2021 ||| SHOPLISTING scroll labelled WANARGH PEFAXT (32
                  | gold, have 25).
  2073 | D:4      | Found Pebe Coj's Magic Scroll Shoppe.
  2081 | D:4      | 2081 ||| SHOPLISTING scroll of enchant armour (75 gold,
                  | have 31).
  2081 | D:4      | 2081 ||| BUYING scroll of identify (20 gold).
  2081 | D:4      | Bought a scroll of identify for 20 gold pieces
  2081 | D:4      | 2081 ||| SHOPLISTING scroll of teleportation (30 gold, have
                  | 11).
  2112 | D:4      | HP: 6/25 [iguana (9)]
  2113 | D:4      | 2113 ||| READING scroll of teleportation.
  2113 | D:4      | Slain by an iguana

Levels and vault maps discovered:
D:1:      minmay_arrival_cross, layout_basic,
          shapermc_ecumenical_altar_mp_urbaneastern, serial_shops,
          nicolae_shop_mannequins
D:2:      layout_basic, serial_corexii_hall, chequers_hall_statues_wall_a,
          corexii_hall_statues_deadend
D:3:      layout_basic, nicolae_shop_vocational, uniq_terence
D:4:      layout_basic, serial_shops, shop, nicolae_square_shop, shop, shop,
          shop_statue

Skill      XL: |  1  2  3  4 |
---------------+-------------+-----
Ranged Weapons | 6 7 8 |  8.1
Fighting       | |  1.5
Dodging        | |  2.4
Stealth        | |  1.2

Action                     |  1- 3 |  4- 6 || total
---------------------------+-------+-------++-------
   Fire: Shortbow          |    91 |    35 ||   126
    Use: Scroll            |     7 |     4 ||    11
 Armour: Leather armour    |     1 |       ||     1
         Ring mail         |    26 |     9 ||    35
  Dodge: Dodged            |    26 |     9 ||    35

Table legend:
 A = Non-vault XP
 B = Vault XP
 C = Vault XP percentage of total XP
 D = Non-vault monster count
 E = Vault monster count
 F = Vault count percentage of total count
                 A         B        C        D         E       F
            +---------+---------+-------+---------+---------+-------
      Total |     129 |      36 |  21.8 |      36 |       1 |   2.7
            +---------+---------+-------+---------+---------+-------
        D:1 |      12 |       0 |   0.0 |       9 |       0 |   0.0
        D:2 |      31 |       0 |   0.0 |      14 |       0 |   0.0
        D:3 |      45 |      36 |  44.4 |      10 |       1 |   9.1
        D:4 |      41 |       0 |   0.0 |       3 |       0 |   0.0
            +---------+---------+-------+---------+---------+-------
